 Dungeon Crawl Stone Soup version 0.30-a0-469-g84de5afbc5 (webtiles) character file.

Game seed: 13108231704882547983

1271 cforsyth the Covered (level 8, -3/72 HPs)
             Began as an Armataur Gladiator on Dec 19, 2022.
             Slain by an orc priest
             ... wielding a +0 flail
              (5 damage)
             ... on level 5 of the Dungeon.
             The game lasted 00:12:41 (4735 turns).

cforsyth the Covered (Armataur Gladiator)           Turns: 4735, Time: 00:12:41

Health: -3/72      AC: 15    Str: 22    XL:     8   Next: 28%
Magic:  8/8        EV:  6    Int:  9    God:
Gold:   127        SH:  5    Dex: 11    Spells: 7/7 levels left

rFire   . . .      SeeInvis .    a - +0 flail
rCold   . . .      Faith    .    q - +0 buckler
rNeg    . . .      Spirit   .    f - +0 chain mail
rPois   .          Reflect  .    c - +1 helmet
rElec   .          Harm     .    (no cloak)
rCorr   .          Roll     +    (no gloves)
Will    .....                    (no barding)
Stlth   ..........               (no amulet)
HPRegen 0.32/turn                k - +4 ring of protection
MPRegen 0.11/turn                (no ring)

@: no status effects
A: large, rugged brown scales 3, deformed body, armoured tail, roll, long
tongue, awkward tongue
a: no special abilities


You were on level 5 of the Dungeon.
You visited 1 branch of the dungeon, and saw 5 of its levels.

You collected 169 gold pieces.
You spent 42 gold pieces at shops.

Inventory:

Hand Weapons
 a - a +0 flail (weapon)
Missiles
 d - 3 throwing nets (quivered)
 e - a javelin
Armour
 c - a +1 helmet (worn)
 f - a +0 chain mail (worn)
 q - a +0 buckler (worn)
Jewellery
 k - a +4 ring of protection (left hand)
Wands
 p - a wand of flame (25)
Scrolls
 b - a scroll of torment {unknown}
 g - a scroll of fog {unknown}
 h - 2 scrolls of teleportation
 l - a scroll of noise {unknown}
 m - a scroll of amnesia {unknown}
 o - a scroll of vulnerability {unknown}
 s - 2 scrolls of enchant armour
 t - a scroll of magic mapping {unknown}
Potions
 i - 2 potions of ambrosia
 j - 2 potions of cancellation
 n - 5 potions of curing
 r - a potion of experience
 u - a potion of heal wounds
 v - 3 potions of attraction {unknown}
 w - a potion of haste {unknown}


   Skills:
 + Level 5.0 Fighting
 + Level 5.4 Maces & Flails
 - Level 1.7 Throwing
 + Level 6.0 Armour
 - Level 2.1 Dodging
 + Level 4.4 Shields


You had 7 spell levels left.
You didn't know any spells.
Your spell library was empty.

Dungeon Overview and Level Annotations

Branches:
Dungeon (5/15)
 Temple: D:4-7

Altars:
Kikubaaqudgha
Zin

Shops:
D:3 !(


Innate Abilities, Weirdness & Mutations

You are completely covered in rugged brown scales. (AC +3, +7% HP)
Armour fits poorly on your strangely shaped body.
You have a long armoured tail.
You roll when moving toward enemies. (Rampage)
Your long tongue fully drains potion bottles. (2x potion effects)
Your tongue gives you trouble enunciating. (1.5x scroll delay)


Message History

You hit the scorpion.
You kill the scorpion!
The orc hits you but does no damage.
Your Armour skill increases to level 6!
You barely miss the orc.
The orc priest begins to cast a cantrip, but forgets the words!
You block the orc's attack.
You hit the orc.
The orc is severely wounded.
The orc barely misses you.
You sock the orc!
You kill the orc!
The orc priest invokes the aid of Beogh against you.
Beogh smites you!
Items here: ) [ †††.
You hit the orc priest but do no damage.
You tail-slap the orc priest.
The orc priest is lightly wounded.
The orc priest hits you but does no damage.
You closely miss the orc priest.
The orc priest is lightly wounded.
The orc priest calls down the wrath of Beogh upon you.
Pain shoots through your body!
The orc priest mumbles some strange prayers to Beogh against you.
Pain shoots through your body!
* * * LOW HITPOINT WARNING * * *
You hit the orc priest.
You tail-slap the orc priest, but do no damage.
The orc priest is heavily wounded.
The orc priest barely misses you.
You hit the orc priest.
The orc priest is heavily wounded.
The orc priest invokes the aid of Beogh against you.
Beogh smites you!
* * * LOW HITPOINT WARNING * * *
Unknown command.
You hit the orc priest but do no damage.
The orc priest is heavily wounded.
The orc priest hits you with a +0 flail.
You die...

...........#
##..........#####
................
###...####.#.#####
..........#.#
#...####.#.#
#...####.#.########
#<...)<).o..)......
#....)##.#@))......
.............#########
#>...........#
#.##.#...##..# #.
#........... .
............ #
#####.####.## #.


You could see an orc priest.

Vanquished Creatures
  Grinder (D:3)
  Menkaure (D:4)
  Duvessa (D:4)
  Pargi (D:4)
  A phantom (D:4)
  A scorpion (D:5)
  A wight (D:4)
  Dowan (D:4)
  3 jellies (D:4)
  3 orc priests (D:5)
  Jessica (D:2)
  Terence (D:2)
  An iguana (D:4)
  Robin (D:2)
  6 gnolls
  9 adders
  2 worms
  2 dart slugs
  10 orcs
  4 endoplasms
  4 giant cockroaches
  21 goblins
  9 hobgoblins
  7 jackals
  9 kobolds
  3 quokkas
  8 ball pythons
  9 bats
  5 frilled lizards (D:1)
  8 rats
134 creatures vanquished.

Notes
Turn   | Place    | Note
-------+----------+-------------------------------------------
     0 | D:1      | cforsyth the Armataur Gladiator began the quest for the
                  | Orb.
     0 | D:1      | Reached XP level 1. HP: 18/18 MP: 1/1
   116 | D:1      | Reached skill level 1 in Armour
   116 | D:1      | Reached XP level 2. HP: 24/25 MP: 2/2
   260 | D:1      | Found a faded altar of an unknown god.
   792 | D:2      | Reached XP level 3. HP: 32/32 MP: 3/3
   807 | D:2      | Found an ancient bone altar of Kikubaaqudgha.
   985 | D:2      | Reached skill level 2 in Armour
  1019 | D:2      | Reached XP level 4. HP: 27/39 MP: 4/4
  1029 | D:2      | Noticed Jessica
  1039 | D:2      | Killed Jessica
  1345 | D:2      | Noticed Terence
  1354 | D:2      | Killed Terence
  1355 | D:2      | Reached skill level 3 in Armour
  1355 | D:2      | Reached XP level 5. HP: 31/48 MP: 5/5
  1637 | D:3      | Found Xumur's Antique Weapon Shoppe.
  1675 | D:3      | Noticed Grinder
  1676 | D:3      | Paralysed by Grinder for 3 turns
  1783 | D:3      | Paralysed by Grinder for 4 turns
  1792 | D:3      | Paralysed by Grinder for 2 turns
  1800 | D:3      | Paralysed by Grinder for 4 turns
  1804 | D:3      | Killed Grinder
  1805 | D:3      | Reached skill level 4 in Armour
  1805 | D:3      | Reached skill level 1 in Shields
  1805 | D:3      | Reached XP level 6. HP: 14/54 MP: 6/6
  1976 | D:3      | Noticed Robin
  2089 | D:2      | Killed Robin
  2363 | D:3      | Found a glowing silver altar of Zin.
  2396 | D:3      | Found Quoduth's Distillery.
  2399 | D:3      | Bought a potion of curing for 42 gold pieces
  2846 | D:4      | Noticed Duvessa
  2846 | D:4      | Noticed Dowan
  2872 | D:4      | Killed Duvessa
  2873 | D:4      | Reached XP level 7. HP: 38/63 MP: 7/7
  3161 | D:4      | Killed Dowan
  3686 | D:4      | Noticed Menkaure
  3704 | D:4      | Reached skill level 5 in Armour
  3708 | D:4      | Killed Menkaure
  3709 | D:4      | Reached skill level 5 in Maces & Flails
  3913 | D:4      | Reached XP level 8. HP: 69/71 MP: 8/8
  3938 | D:4      | Noticed Pargi
  3941 | D:4      | Noticed a hornet
  4381 | D:4      | Killed Pargi
  4383 | D:4      | Paralysed by a hornet for 3 turns
  4650 | D:5      | Entered Level 5 of the Dungeon
  4692 | D:5      | Identified the +2 scale mail of Dannojufec {Int+2}
  4707 | D:5      | Reached skill level 5 in Fighting
  4727 | D:5      | Reached skill level 6 in Armour
  4734 | D:5      | HP: 1/72 [orc priest/divine providence (11)]
  4735 | D:5      | Slain by an orc priest

Illustrated notes

Levels and vault maps discovered:
D:1:      dpeg_arrival_boxes_within_box, layout_rooms,
          shapermc_ecumenical_altar_mp_vishouse, hangedman_glass_teeth
D:2:      layout_basic, basic_altar, uniq_jessica, uniq_terence
D:3:      layout_rooms, zin_academy, serial_shops, shop_fountains,
          nicolae_shop_behind_doors, uniq_grinder, uniq_robin
D:4:      minmay_chambers_of_threes, layout_rooms, minivault_1,
          roderic_serpentine_path, uniq_pargi, uniq_menkaure, uniq_duvessa
D:5:      layout_basic, gammafunk_ghost_mausoleum, kennysheep_generic_room_5

Skill      XL: |  1  2  3  4  5  6  7  8 |
---------------+-------------------------+-----
Fighting       | 2 3 4 5 |  5.0
Armour         | 1 2 3 4 5 6 |  6.0
Maces & Flails | 3 4 5 |  5.4
Shields        | 1 2 4 |  4.4
Throwing       | |  1.7
Dodging        | |  2.1

Action                   |  1- 3 |  4- 6 |  7- 9 || total
-------------------------+-------+-------+-------++-------
Melee: Flail             |   104 |   178 |   224 ||   506
       Tailslap          |     8 |    15 |    34 ||    57
       Punch             |     1 |       |       ||     1
  Use: Scroll            |       |     6 |     2 ||     8
       Potion            |       |       |     1 ||     1
Armor: Leather armour    |    74 |   122 |       ||   196
       Chain mail        |       |    20 |   198 ||   218
Dodge: Dodged            |    78 |   104 |    76 ||   258
Block: Buckler           |       |    36 |    52 ||    88

Table legend: (Time is in decaauts)
 A = Elapsed time spent in this place.
 B = Non-inter-level travel time spent in this place.
 C = Inter-level travel time spent in this place.
 D = Time resting spent in this place.
 E = Time spent auto-exploring this place.
 F = Levels seen in this place.
 G = Mean time per level.
                   A        B        C        D        E       F      G
               +--------+--------+--------+--------+--------+-----+--------+
         Total |   4863 |   4681 |    182 |   1215 |   2235 |   5 |  972.6 |
       Dungeon |   4863 |   4681 |    182 |   1215 |   2235 |   5 |  972.6 |
               +--------+--------+--------+--------+--------+-----+--------+

Top non-repeatable levels by time:
     D:4: 1540 daAuts
     D:3: 1348 daAuts
     D:2: 1080 daAuts
     D:1: 802 daAuts
     D:5: 91 daAuts
